 Dungeon Crawl Stone Soup version 0.27.1-34-g3ba077fa99 (webtiles) character file.

Game seed: 15482216939979056090

58 McKennaii the Skirmisher (level 3, -2/29 HPs)
             Began as a Demonspawn Fighter on Jan 15, 2022.
             Killed by nerve-wracking pain
             ... invoked by Jessica
              (8 damage)
             ... on level 2 of the Dungeon.
             The game lasted 00:01:24 (1181 turns).

McKennaii the Skirmisher (Demonspawn Fighter)       Turns: 1181, Time: 00:01:25

Health: -2/29      AC:  9    Str: 17    XL:     3   Next: 76%
Magic:  3/3        EV:  4    Int:  9    God:
Gold:   101        SH:  9    Dex: 12    Spells: 2/2 levels left

rFire    . . .     SeeInvis .   a - +0 trident
rCold    . . .     Faith    .   c - +0 kite shield
rNeg     . . .     Spirit   .   f - +0 chain mail
rPois    .         Reflect  .   (helmet restricted)
rElec    .         Harm     .   (no cloak)
rCorr    .         Rampage  .   (no gloves)
Will     .....                  (no boots)
Stlth    ..........             (no amulet)
HPRegen  0.09/turn              (no ring)
MPRegen  0.08/turn              (no ring)

@: no status effects
A: antennae 2
a: no special abilities


You were on level 2 of the Dungeon.
You visited 1 branch of the dungeon, and saw 2 of its levels.

You collected 101 gold pieces.

Inventory:

Hand Weapons
 a - a +0 trident (weapon)
Armour
 b - a +0 plate armour
 c - a +0 kite shield (worn)
 f - a +0 chain mail (worn)
Scrolls
 e - 2 scrolls of noise {unknown}
 g - a scroll of brand weapon {unknown}
Potions
 d - a potion of might
 h - a potion of brilliance {unknown}
 i - 3 potions of flight {unknown}
 j - a potion of mutation {unknown}


   Skills:
 + Level 3.3 Fighting
 * Level 2.7 Polearms
 + Level 3.1 Armour
 + Level 3.1 Shields


You had 2 spell levels left.
You didn't know any spells.
Your spell library was empty.

Dungeon Overview and Level Annotations

Branches:
Dungeon (2/15)

Altars:
Qazlal

Annotations:
D:2 Jessica


Innate Abilities, Weirdness & Mutations

You have a pair of antennae on your head.


Message History

A ball python comes into view.
The ball python hisses angrily.
A ball python is nearby!
You reach to attack!
Your shield prevents you from hitting the ball python.
The ball python bites you. You block the ball python's attack.
You puncture the ball python!
You kill the ball python!
No target in view!
No target in view!
Found a stormy altar of Qazlal.
You see here a ball python corpse.
Found a grey potion.
A rat comes into view.
A rat is nearby!
Found 5 gold pieces.
The rat twitches its whiskers.
You reach to attack!
You hit the rat.
You kill the rat!
No target in view!
No target in view!
i - 3 grey potions (gained 1)
Found 2 gold pieces.
You now have 101 gold pieces (gained 2).
Jessica the Apprentice Sorceress comes into view.
She is wielding a +0 dagger.
Jessica is nearby!
A hobgoblin comes into view.
The hobgoblin shouts!
You hear an angry hiss.
Jessica casts a spell at you. Pain shoots through your body!
A bat and a ball python come into view.
Found a chain mail.
The ball python hisses angrily.
Jessica casts a spell at you. Pain shoots through your body!
* * * LOW HITPOINT WARNING * * *
You are too injured to fight recklessly!
Jessica points at you and mumbles some strange words.
Pain shoots through your body!
You die...

#......... .... #........#
...# #........##...#
###..........S..#### ####
#..........# ....... ...#
#.#........# g.@.##[
...###..........##.......
#.
.......#........#.....##.
#.
....#.####....#.@.....#b.
#. ..)..<#
#....#..#....##. #.
...#######....#..#.......
#.
.####...#..#..#†###.#####
# #.
.###.......##.#.......# .#
#. .##........##.#.......#
#.# ###.
.##........##.........#...
#...
.##.......####........#.#
##.## .###.....##
#..........# #..##


You could see Jessica, a hobgoblin and a bat.

Vanquished Creatures
  A hound (D:2)
  A worm (D:2)
  2 bats (D:1)
  2 endoplasms
  A giant cockroach (D:2)
  4 goblins
  2 hobgoblins (D:1)
  A kobold (D:2)
  A quokka (D:2)
  4 ball pythons
  2 frilled lizards (D:1)
  3 rats
24 creatures vanquished.

Notes
Turn   | Place    | Note
-------+----------+-------------------------------------------
     0 | D:1      | McKennaii the Demonspawn Fighter began the quest for the
                  | Orb.
     0 | D:1      | Reached XP level 1. HP: 18/18 MP: 1/1
   352 | D:1      | Gained mutation: You have a pair of small antennae on your
                  | head. [demonic ancestry]
   352 | D:1      | Reached XP level 2. HP: 24/24 MP: 2/2
  1003 | D:2      | Gained mutation: You have a pair of antennae on your head.
                  | [demonic ancestry]
  1003 | D:2      | Reached XP level 3. HP: 23/29 MP: 3/3
  1140 | D:2      | Found a stormy altar of Qazlal.
  1178 | D:2      | Noticed Jessica
  1181 | D:2      | Killed from afar by Jessica

Illustrated notes

Levels and vault maps discovered:
D:1:      saegor_arrival_simple_c, layout_basic
D:2:      layout_rooms, basic_altar, minivault_24, minmay_pentomino_u2,
          uniq_jessica, uniq_sigmund

Skill      XL: |  1  2 |
---------------+-------+-----
Polearms       | 2 |  2.7
Armour         | 3 |  3.1
Shields        | 3 |  3.1
Fighting       | |  3.3

Action                   || total
-------------------------++-------
Melee: Trident           ||    71
Armor: Chain mail        ||    34
       Scale mail        ||     2
Dodge: Dodged            ||     6
Block: Kite shield       ||    25
